 Dungeon Crawl Stone Soup version 0.30-a0-782-ge64f9170bb (webtiles) character file.

Game seed: 4080539234012572307

3128 NinjaNoafa the Transmogrifier (level 9, -2/74 HPs)
             Began as a Pale Draconian Monk on Feb 17, 2023.
             Was a Priest of Wu Jian.
             Slain by a skeletal warrior
             ... wielding a +0 battleaxe
              (3 damage)
             ... on level 8 of the Dungeon on Feb 18, 2023.
             The game lasted 00:46:13 (5290 turns).

NinjaNoafa the Transmogrifier (Pale Draconian Monk) Turns: 5290, Time: 00:46:13

Health: -2/74      AC:  8    Str: 17    XL:     9   Next: 61%
Magic:  0/16       EV: 13    Int: 11    God:    Wu Jian [***...]
Gold:   367        SH:  0    Dex: 14    Spells: 13/18 levels left

rFire   . . .      SeeInvis .      - Unarmed
rCold   . . .      Faith    .    (no shield)
rNeg    . . .      Spirit   +    (body armour unavailable)
rPois   .          Reflect  .    (helmet restricted)
rElec   .          Harm     .    (no cloak)
rCorr   .          Rampage  .    l - +0 pair of gloves {stop by anytime to ask for help}
Will    .....                    (no boots)
Stlth   +                        v - amulet of guardian spirit
HPRegen 0.32/turn                o - ring of wizardry
MPRegen 0.15/turn                x - ring of flight

@: confused, exhausted, ambrosia-drunk, flying, slowed, very slow
A: breathe steam, AC +7, unfitting armour, cold-blooded, steam resistance
a: Breathe Steam, Renounce Religion, Wall Jump, Serpent's Lash


You were on level 8 of the Dungeon.
You worshipped Wu Jian.
Wu Jian was most pleased with you.
You visited 2 branches of the dungeon, and saw 9 of its levels.

You collected 367 gold pieces.

Inventory:

Missiles
 s - 2 poisoned darts
 y - 6 boomerangs
 z - 6 datura-tipped darts
 A - a curare-tipped dart
Armour
 l - a +0 pair of gloves (worn) {stop by anytime to ask for help}
Jewellery
 o - a ring of wizardry (left hand)
 v - an amulet of guardian spirit (around neck)
 x - a ring of flight (right hand)
Wands
 q - a wand of roots (6)
 u - a wand of paralysis (12)
 B - a wand of mindburst (21)
Scrolls
 a - a scroll of blinking {unknown}
 g - a scroll of enchant weapon
 h - a scroll of fog
 i - 3 scrolls of teleportation
 j - 2 scrolls of immolation
 k - a scroll of noise
 p - 2 scrolls of vulnerability {unknown}
 t - a scroll of summoning {unknown}
Potions
 b - a potion of degeneration
 c - a potion of curing
 d - a potion of might {unknown}
 e - 4 potions of magic
 f - a potion of lignification
 m - 3 potions of brilliance
 n - 2 potions of haste
 r - 2 potions of mutation
 w - 2 potions of cancellation {unknown}
 C - a potion of flight {unknown}
 E - a potion of heal wounds


   Skills:
 + Level 5.4 Fighting
 + Level 4.1 Dodging
 - Level 5.0 Stealth
 + Level 5.2 Unarmed Combat
 - Level 5.0 Spellcasting
 - Level 8.0 Transmutations
 + Level 2.5 Earth Magic
 - Level 3.0 Evocations


You had 13 spell levels left.
You knew the following spells:

 Your Spells              Type           Power      Damage    Failure   Level
a - Beastly Appendage     Tmut           40%        N/A       1%          1
b - Wereblood             Tmut           20%        N/A       1%          2
c - Passwall              Tmut/Erth      11%        N/A       1%          2

Your spell library contained the following spells:

 Spells                   Type           Power      Damage    Failure   Level
 Spider Form              Tmut/Pois      11%        N/A       4%          3
 Magic Dart               Conj           8%         1d3       9%          1
 Necrotise                Necr           8%         1d4       9%          1
 Ensorcelled Hibernation  Hex/Ice        4%         N/A       13%         2
 Scorch                   Fire           4%         2d5       13%         2
 Searing Ray              Conj           4%         2d4       13%         2
 Swiftness                Air            2%         N/A       26%         3
 Vampiric Draining        Necr           2%         2d6       26%         3
 Flame Wave               Conj/Fire      2%         2d4       61%         4
 Fulminant Prism          Conj/Hex       1%         3d5       61%         4
 Agony                    Necr           2%         N/A       90%         5
 Summon Cactus Giant      Summ           1%         N/A       100%        6


Dungeon Overview and Level Annotations

Branches:
Dungeon (8/15)             Temple (1/1) D:4
   Lair: D:8-11

Altars:
Ashenzari
Cheibriados
Dithmenos
Elyvilon
Fedhas
Gozag
Hepliaklqana
Kikubaaqudgha
Makhleb
Nemelex Xobeh
Okawaru
Qazlal
Ru
Sif Muna
Trog
Uskayaw
Vehumet
Wu Jian
Xom
Yredelemnul
Zin
The Shining One

Annotations:
D:7 1 transporter, Joseph
D:8 Pikel


Innate Abilities, Weirdness & Mutations

You can breathe blasts of scalding, opaque steam.
Your pale cyan-grey scales are hard. (AC +7)
You cannot fit into any form of body armour.
You are cold-blooded and may be slowed by cold attacks.
You are immune to the effects of steam.


Message History

You have got your breath back.
The wraith closely misses you.
The skeletal warrior hits you with a +0 battleaxe!
* * * LOW HITPOINT WARNING * * *
The wraith hits you.
* * * LOW HITPOINT WARNING * * *
The wraith drains your vigour!
You feel as though you will be slow longer.
You feel much better.
Pikel hits you with a +2 whip of freezing.
* * * LOW HITPOINT WARNING * * *
Pikel freezes you.
The skeletal warrior hits you but does no damage.
The wraith closely misses you. The wraith hits you!
* * * LOW HITPOINT WARNING * * *
Pikel barely misses you.
The skeletal warrior hits you with a +0 battleaxe!
* * * LOW HITPOINT WARNING * * *
The lemure barely misses you. The wraith closely misses you. x2
You are confused.
You feel invigorated. The wraith hits you.
* * * LOW HITPOINT WARNING * * *
The wraith drains your vigour!
You feel as though you will be slow longer.
Pikel misses you.
The skeletal warrior hits you with a +0 battleaxe!!
* * * LOW HITPOINT WARNING * * *
The wraith hits you. The wraith drains your vigour!
You feel as though you will be slow longer.
You barely miss the wraith.
The wraith is severely damaged.
The wraith hits you!
* * * LOW HITPOINT WARNING * * *
The wraith drains your vigour!
You feel as though you will be slow longer.
Pikel hits you with a +2 whip of freezing.
* * * LOW HITPOINT WARNING * * *
Pikel freezes you.
The skeletal warrior hits you with a +0 battleaxe.
You die...

.#...## ..# ..# #.# #.# #.#
#.#######♣ #.# #....z...♣
###.###.#######♣
#.......########♣
####.#.###...#..55.#
.†...........#..@W.# #♣♣
†####..........zKW.#####.##
.
.####.......##..5.........#
.#
...........)##.....####=..#
..# #####.......##.....#
#...###..##
#....)..##.....#
#..........
##########.....#
#.K..###### #.....# #....#
#.....# #..5#######


You could see a skeletal warrior, Pikel, 2 wraiths and 3 lemures.

Vanquished Creatures
  A boulder beetle (D:8)
  Prince Ribbit (D:7)
  Sigmund (D:2)
  A water moccasin (D:5)
  Duvessa (D:7)
  2 sky beasts
  3 ice beasts (D:5)
  2 black bears
  2 ogres
  A lemure (D:8)
  A spectral wyvern (D:8)
  2 bullfrogs
  A kobold brigand (D:6)
  4 scorpions
  Dowan (D:7)
  4 howler monkeys
  A hound (D:6)
  An orc priest (D:7)
  A gnoll bouda (D:5)
  Jessica (D:2)
  4 iguanas
  2 orc wizards (D:7)
  A centaur simulacrum (D:8)
  6 adders
  8 gnolls
  An ufetubus (D:5)
  3 worms
  2 dart slugs (D:2)
  10 orcs
  2 endoplasms
  A giant cockroach (D:3)
  7 goblins
  4 hobgoblins
  5 jackals
  8 kobolds
  6 quokkas
  4 ball pythons
  3 bats
  2 frilled lizards (D:3)
  3 rats
114 creatures vanquished.

Vanquished Creatures (others)
  16 withered plants (D:8)
16 creatures vanquished.

Grand Total: 130 creatures vanquished

Notes
Turn   | Place    | Note
-------+----------+-------------------------------------------
     0 | D:1      | NinjaNoafa the Draconian Monk began the quest for the Orb.
     0 | D:1      | Reached XP level 1. HP: 19/19 MP: 1/1
   112 | D:1      | Found a faded altar of an unknown god.
   158 | D:1      | Upgraded the game from 0.30-a0-779-g7971cf19c3 to
                  | 0.30-a0-782-ge64f9170bb
   275 | D:1      | Reached XP level 2. HP: 26/26 MP: 2/2
   945 | D:2      | Noticed Jessica
   959 | D:2      | Killed Jessica
   960 | D:2      | Reached XP level 3. HP: 18/33 MP: 3/3
  1225 | D:2      | Noticed Sigmund
  1276 | D:2      | Reached XP level 4. HP: 30/40 MP: 4/4
  1779 | D:3      | Reached skill level 1 in Transmutations
  1787 | D:3      | Reached skill level 1 in Spellcasting
  1794 | D:3      | Reached XP level 5. HP: 18/46 MP: 5/7
  1850 | D:3      | Learned a level 1 spell: Beastly Appendage
  1894 | D:4      | Identified the +1 robe "Idghycvuci" {Will+ rCorr}
  1920 | D:4      | Found a burning altar of Makhleb.
  2051 | D:4      | Found a staircase to the Ecumenical Temple.
  2073 | D:4      | Reached skill level 2 in Transmutations
  2077 | Temple   | Entered the Ecumenical Temple
  2084 | Temple   | Became a worshipper of the Wu Jian Council
  2084 | Temple   | Reached * piety under Wu Jian
  2084 | Temple   | Reached ** piety under Wu Jian
  2112 | D:4      | Noticed a black bear
  2121 | D:4      | Killed a black bear
  2122 | D:4      | Reached skill level 3 in Transmutations
  2122 | D:4      | Reached XP level 6. HP: 30/52 MP: 8/10
  2364 | D:4      | Learned a level 2 spell: Wereblood
  2446 | D:4      | Found a shadowy altar of Dithmenos.
  2446 | D:4      | Found a white marble altar of Elyvilon.
  2452 | D:4      | Found a faded altar of an unknown god.
  2461 | D:4      | Found a glowing golden altar of the Shining One.
  2462 | D:4      | Found a blossoming altar of Fedhas.
  2578 | D:5      | Entered Level 5 of the Dungeon
  2578 | D:5      | Noticed an ice beast
  2591 | D:5      | Killed an ice beast
  2702 | D:5      | Reached skill level 4 in Transmutations
  2702 | D:5      | Your scales start taking on a pale cyan-grey colour.
  2702 | D:5      | Reached XP level 7. HP: 11/58 MP: 12/12
  2702 | D:5      | Gained mutation: You are immune to the effects of steam.
                  | [Pale Draconian growth]
  3073 | D:2      | Killed Sigmund
  3237 | D:5      | Reached skill level 5 in Transmutations
  3488 | D:5      | Reached skill level 6 in Transmutations
  3572 | D:5      | Reached skill level 1 in Evocations
  3572 | D:5      | Reached XP level 8. HP: 66/66 MP: 12/14
  3844 | D:6      | Identified the +9 short sword of Doklaimu {freeze, rF+ rC-
                  | Dex+3}
  3855 | D:6      | Found an opulent altar of Gozag.
  4152 | D:6      | Reached skill level 5 in Stealth
  4302 | D:6      | Found a shimmering altar of Xom.
  4598 | D:7      | Found a transporter.
  4747 | D:7      | Noticed Duvessa
  4748 | D:7      | Noticed Dowan
  4751 | D:7      | Reached skill level 5 in Spellcasting
  4752 | D:7      | Killed Duvessa
  4752 | D:7      | Reached *** piety under Wu Jian
  4753 | D:7      | Reached skill level 7 in Transmutations
  4753 | D:7      | Killed Dowan
  4754 | D:7      | Reached XP level 9. HP: 27/72 MP: 10/16
  4848 | D:7      | Noticed a cyan ugly thing
  4946 | D:7      | Learned a level 2 spell: Passwall
  5008 | D:7      | Noticed Joseph
  5011 | D:7      | Noticed Prince Ribbit
  5026 | D:7      | Killed Prince Ribbit
  5052 | D:8      | Reached skill level 1 in Earth Magic
  5089 | D:8      | Noticed a boulder beetle
  5128 | D:8      | Killed a boulder beetle
  5129 | D:8      | Reached skill level 5 in Fighting
  5129 | D:8      | Reached skill level 5 in Unarmed Combat
  5129 | D:8      | Reached skill level 8 in Transmutations
  5218 | D:8      | Noticed a skeletal warrior
  5260 | D:8      | Noticed Pikel
  5287 | D:8      | HP: 3/74 [wraith (3)]
  5290 | D:8      | HP: 1/74 [Pikel/+2 whip of freezing (4)]
  5290 | D:8      | Slain by a skeletal warrior

Illustrated notes

Levels and vault maps discovered:
D:1:      sevenhm_arrival_forest_fort_large_4, layout_loops_ring,
          ebering_ecumenical_altar_petrified
D:2:      layout_loops_ring, minmay_misc_feat_columns, minivault_26,
          uniq_sigmund, uniq_jessica
D:3:      layout_basic
D:4:      layout_loops_cross, chequers_temple_overflow_minitemple,
          lightli_temple_of_fire, minmay_temple_entry_sparse_star,
          kennysheep_nondescript
D:5:      layout_loops_ring
D:6:      layout_basic, kennysheep_little_box, grunt_gozag_statues,
          serial_glass, glass_columns_b, glass_columns_b
D:7:      layout_basic, nzn_ghost_randoct, uniq_joseph, uniq_duvessa,
          uniq_prince_ribbit1
D:8:      layout_rooms, dilly_guarded_unrand_morg, uniq_pikel
Temple:   nicolae_temple_no_exploring_needed

Skill      XL: |  1  2  3  4  5  6  7  8  9 |
---------------+----------------------------+-----
Dodging        | 3 4 |  4.1
Stealth        | 2 3 5 |  5.0
Unarmed Combat | 4 5 |  5.2
Transmutations | 1 3 4 6 7 8 |  8.0
Spellcasting   | 1 2 3 4 5 |  5.0
Evocations     | 1 3 |  3.0
Fighting       | 4 5 |  5.4
Earth Magic    | 2 |  2.5

Action                     |  1- 3 |  4- 6 |  7- 9 || total
---------------------------+-------+-------+-------++-------
  Melee: Unarmed           |    99 |   172 |   186 ||   457
         Tailslap          |     8 |    27 |    30 ||    65
         Punch             |     2 |       |     4 ||     6
         Kick              |       |     1 |    24 ||    25
         Headbutt          |       |     1 |    14 ||    15
  Throw: Dart              |       |       |     2 ||     2
         Boomerang         |       |       |     1 ||     1
   Cast: Beastly Appendage |       |     3 |    12 ||    15
         Wereblood         |       |     2 |     9 ||    11
         Passwall          |       |       |     9 ||     9
 Invoke: Serpent's Lash    |       |       |     1 ||     1
Ability: Wall Jump         |       |    11 |    11 ||    22
         Whirlwind         |       |     3 |    23 ||    26
         Lunge             |       |     6 |    21 ||    27
         Breathe Steam     |       |       |    29 ||    29
  Evoke: Wand              |       |     2 |     5 ||     7
    Use: Scroll            |     4 |     2 |    10 ||    16
         Potion            |       |     1 |     7 ||     8
   Stab: Sleeping          |     6 |     5 |     7 ||    18
 Armour: Skin              |    19 |    47 |    73 ||   139
  Dodge: Dodged            |    53 |   100 |   130 ||   283

Table legend: (Time is in decaauts)
 A = Elapsed time spent in this place.
 B = Non-inter-level travel time spent in this place.
 C = Inter-level travel time spent in this place.
 D = Time resting spent in this place.
 E = Time spent auto-exploring this place.
 F = Levels seen in this place.
 G = Mean time per level.
                   A        B        C        D        E       F      G
               +--------+--------+--------+--------+--------+-----+--------+
         Total |   5313 |   4235 |   1078 |      0 |    306 |   9 |  590.3 |
       Dungeon |   5299 |   4228 |   1071 |      0 |    306 |   8 |  662.4 |
        Temple |     14 |      7 |      7 |      0 |      0 |   1 |   14.0 |
               +--------+--------+--------+--------+--------+-----+--------+

Top non-repeatable levels by time:
     D:2: 963 daAuts
     D:5: 853 daAuts
     D:6: 802 daAuts
     D:4: 756 daAuts
     D:1: 674 daAuts
     D:3: 542 daAuts
     D:7: 452 daAuts
     D:8: 253 daAuts
  Temple: 14 daAuts
